 Dungeon Crawl Stone Soup version 0.20.0-10-g0535bb4 (webtiles) character file.

1603 mike2R the Frost Mage (level 8, -1/48 HPs)
             Began as a Deep Elf Ice Elementalist on June 3, 2017.
             Was a Follower of Vehumet.
             Slain by a wyvern (5 damage)
             ... on level 5 of the Dungeon.
             The game lasted 00:51:16 (9094 turns).

mike2R the Frost Mage (Deep Elf Ice Elementalist)   Turns: 9094, Time: 00:51:23

Health: -1/48      AC:  6    Str:  7    XL:     8   Next: 63%
Magic:  2/18       EV: 14    Int: 23    God:    Vehumet [*.....]
Gold:   207        SH:  0    Dex: 15    Spells: 0/18 levels left

rFire    . . .     SeeInvis .   h - +0 short sword
rCold    + . .     Gourm    .   (no shield)
rNeg     . . .     Faith    .   n - +0 leather armour {rC+}
rPois    .         Spirit   .   (helmet restricted)
rElec    .         Reflect  .   D - +2 cloak
rCorr    .         Harm     .   (no gloves)
MR       .....     Clarity  +   (no boots)
Stlth    ++........             (no amulet)
Regen    0.2/turn               (no ring)
MPRegen  0.2/turn               (no ring)

@: about to teleport
A: horns 1, blink, clarity, strong 1, subdued magic 1
a: Blink, Renounce Religion


You were on level 5 of the Dungeon.
You worshipped Vehumet.
Vehumet was aware of your devotion.
You were not hungry.

You visited 2 branches of the dungeon, and saw 6 of its levels.

You collected 207 gold pieces.

Inventory:

Hand Weapons
 h - a +0 short sword (weapon)
Missiles
 i - 119 stones (quivered)
Armour
 a - a +0 robe
 f - a +0 helmet
 n - a +0 leather armour of cold resistance (worn)
 q - a scarf of resistance
 x - a +0 shield
 y - a +0 ring mail
 D - a +2 cloak (worn)
Magical Staves
 z - an uncursed staff of fire
Jewellery
 l - an uncursed ring of protection from fire {unknown}
Wands
 A - a wand of flame (30/48)
 F - a wand of confusion (23/48)
Scrolls
 j - 3 scrolls of remove curse
 k - a scroll of enchant weapon {unknown}
 t - a scroll of enchant armour {unknown}
 u - a scroll of blinking {unknown}
 v - a scroll of amnesia
 B - a scroll of immolation
Potions
 d - 2 potions of brilliance
 g - a potion of ambrosia {unknown}
 m - 3 potions of curing
 o - a potion of cancellation {unknown}
 r - a potion of might {unknown}
 s - a potion of degeneration {unknown}
 w - a potion of agility {unknown}
 C - 2 potions of mutation {unknown}
Books
 b - a book of Frost

   Spells                             Type                      Level
   a - Freeze                         Ice                          1
   b - Throw Frost                    Conjuration/Ice              2
   c - Ozocubu's Armour               Charms/Ice                   3
   d - Throw Icicle                   Conjuration/Ice              4
   e - Summon Ice Beast               Ice/Summoning                4
 E - a book of Necromancy

   Spells                             Type                      Level
   a - Pain                           Necromancy                   1
   b - Animate Skeleton               Necromancy                   1
   c - Vampiric Draining              Necromancy                   3
   d - Regeneration                   Charms/Necromancy            3
   e - Animate Dead                   Necromancy                   4
   f - Control Undead                 Necromancy                   4
 G - a book of Geomancy

   Spells                             Type                      Level
   a - Sandblast                      Earth                        1
   b - Passwall                       Transmutation/Earth          2
   c - Stone Arrow                    Conjuration/Earth            3
   d - Petrify                        Transmutation/Earth          4
   e - Lee's Rapid Deconstruction     Earth                        5
Comestibles
 c - 5 bread rations
 p - 3 chunks of flesh


   Skills:
 - Level 4.0 Fighting
 + Level 4.5 Dodging
 - Level 2.4 Stealth
 - Level 5.9 Spellcasting
 - Level 3.1 Conjurations
 - Level 4.2 Charms
 - Level 2.2 Summonings
 - Level 8.0 Ice Magic


You couldn't memorise any spells.
You knew the following spells:

 Your Spells              Type           Power        Failure   Level  Hunger
a - Freeze                Ice            ####         1%          1    None
b - Throw Frost           Conj/Ice       ###...       1%          2    None
c - Ozocubu's Armour      Chrm/Ice       ####....     2%          3    #......
d - Throw Icicle          Conj/Ice       ###.....     11%         4    ###....
e - Summon Ice Beast      Ice/Summ       ###.....     13%         4    ###....
f - Regeneration          Chrm/Necr      ##........   13%         3    #......
g - Animate Skeleton      Necr           N/A          11%         1    None


Dungeon Overview and Level Annotations

Branches:
Dungeon (5/15)             Temple (1/1) D:4

Altars:
Cheibriados
Elyvilon
Fedhas
Gozag
Hepliaklqana
Kikubaaqudgha
Makhleb
Nemelex Xobeh
Okawaru
Qazlal
Ru
Sif Muna
Uskayaw
Vehumet
Yredelemnul
Zin
The Shining One


Innate Abilities, Weirdness & Mutations

You have a pair of small horns on your head.
You can translocate small distances at will.
You possess an exceptional clarity of mind.
Your muscles are strong. (Str +2)
Your spells are a little easier to cast, but a little less powerful.


Message History

Casting: Freeze
Confirm with . or Enter, or press ? or * to list all spells.
Aiming: Freeze
Press: ? - help, Shift-Dir - straight line, f/p - wyvern
Aim: a wyvern (heavily wounded)
You freeze the wyvern.
The wyvern is heavily wounded.
The wyvern misses you. The wyvern completely misses you.
Found 2 scrolls of identify.
The wyvern bites you.
The ogre shouts!
The wyvern bites you!
Okay, then.
As you read the scroll of teleportation, it crumbles to dust.
You feel strangely unstable.
The ogre hits you with a giant spiked club!!
Ouch! That really hurt!
* * * LOW HITPOINT WARNING * * *
The wyvern bites you.
You die...

. #.# ..........##### ..#
#.# #..........#
..###>###............#
....... ...........###
#...###.#######.....###
#....#.#######..#.....
##.###.....................
#.........O..#######.......
........##l@.<..............
....)...##...#########..####
........###........####.####
........###.....#.....#..<##
........##.............##...
....>...#..............[[...
.?.....#<..............###.
#...................
#...............##..


You could see a wyvern and an ogre.

Vanquished Creatures
  Sigmund (D:3)
  A water moccasin (D:5)
  A sky beast (D:3)
  2 ogres
  A water moccasin zombie (D:4)
  2 scorpions
  A howler monkey (D:4)
  A centaur zombie (D:4)
  2 bullfrog skeletons (D:4)
  3 hounds
  A crimson imp (D:5)
  Crazy Yiuf (D:3)
  2 centaur skeletons (D:4)
  A gnoll shaman (D:4)
  An orc priest (D:3)
  2 orc wizards
  An iguana (D:5)
  Terence (D:3)
  2 hound zombies (D:4)
  A hound skeleton (D:4)
  Robin (D:3)
  2 worker ant zombies (D:4)
  8 gnolls
  14 adders
  A shadow imp (D:5)
  An adder zombie (D:4)
  2 adder skeletons
  5 worms
  4 dart slugs
  A leopard gecko (D:3)
  16 orcs
  6 bats
  6 giant cockroaches
  19 goblins
  8 hobgoblins
  4 jackals (D:4)
  3 quokkas
  3 ball pythons
  A ball python zombie (D:4)
  6 frilled lizards
  A jackal skeleton (D:4)
  5 kobolds
  A leopard gecko skeleton (D:4)
  2 leopard gecko zombies (D:4)
  5 rats
153 creatures vanquished.

Vanquished Creatures (collateral kills)
  A worker ant zombie (D:4)
  2 orcs (D:5)
3 creatures vanquished.

Grand Total: 156 creatures vanquished

Notes
Turn   | Place    | Note
-------+----------+-------------------------------------------
     0 | D:1      | mike2R the Deep Elf Ice Elementalist began the quest for the Orb.
     0 | D:1      | Reached XP level 1. HP: 10/10 MP: 6/6
   459 | D:1      | Reached skill level 4 in Ice Magic
   459 | D:1      | Reached XP level 2. HP: 15/15 MP: 5/8
   463 | D:1      | Learned a level 2 spell: Throw Frost
  1049 | D:2      | Reached XP level 3. HP: 19/19 MP: 7/9
  1118 | D:2      | Reached skill level 5 in Ice Magic
  1310 | D:2      | Found a snail-covered altar of Cheibriados.
  1648 | D:2      | Reached XP level 4. HP: 21/24 MP: 0/10
  1653 | D:2      | Learned a level 3 spell: Ozocubu's Armour
  2395 | D:3      | Noticed Robin
  2729 | D:3      | Killed Robin
  2816 | D:3      | Found a burning altar of Makhleb.
  2816 | D:3      | Found a sacrificial altar of Ru.
  2817 | D:3      | Found a glowing silver altar of Zin.
  2829 | D:3      | Reached XP level 5. HP: 28/28 MP: 8/13
  2892 | D:3      | Learned a level 4 spell: Throw Icicle
  2917 | D:3      | Found a white marble altar of Elyvilon.
  2950 | D:3      | Reached skill level 6 in Ice Magic
  3269 | D:3      | Noticed Terence
  3273 | D:3      | Killed Terence
  4074 | D:3      | Noticed a sky beast
  4099 | D:3      | Killed a sky beast
  4099 | D:3      | Reached skill level 5 in Spellcasting
  4099 | D:3      | Reached XP level 6. HP: 24/32 MP: 4/15
  4105 | D:3      | Gained mutation: Your muscles are strong. (Str +2) [mutagenic meat]
  4106 | D:3      | Gained mutation: You have a pair of small horns on your head. [mutagenic meat]
  4107 | D:3      | Gained mutation: You evolve. [mutagenic meat]
  4108 | D:3      | Gained mutation: You possess an exceptional clarity of mind. [mutagenic meat]
  4461 | D:3      | Noticed Sigmund
  4467 | D:3      | Killed Sigmund
  4467 | D:3      | Reached skill level 7 in Ice Magic
  4515 | D:3      | Gained mutation: You can translocate small distances at will. [evolution]
  4662 | D:3      | Found a runed door.
  4666 | D:3      | Noticed Crazy Yiuf
  4671 | D:3      | Killed Crazy Yiuf
  4671 | D:3      | Reached XP level 7. HP: 36/36 MP: 2/17
  5172 | D:4      | Learned a level 4 spell: Summon Ice Beast
  5551 | D:4      | Reached skill level 1 in Summonings
  5949 | D:4      | Reached skill level 8 in Ice Magic
  6084 | D:4      | Reached skill level 1 in Fighting
  6148 | D:4      | Found a staircase to the Ecumenical Temple.
  6173 | Temple   | Entered the Ecumenical Temple
  6203 | Temple   | Became a worshipper of Vehumet
  6870 | D:4      | Reached XP level 8. HP: 27/45 MP: 6/18
  7789 | D:4      | Reached * piety under Vehumet
  7789 | D:4      | Offered knowledge of Flame Tongue by Vehumet.
  8056 | D:4      | Gained mutation: Your spells are a little easier to cast, but a little less powerful. [evolution]
  8056 | D:4      | Lost mutation: You evolve. [end of evolution]
  8440 | D:4      | Learned a level 3 spell: Regeneration
  8459 | D:5      | Entered Level 5 of the Dungeon
  9082 | D:5      | Learned a level 1 spell: Animate Skeleton
  9094 | D:5      | Slain by a wyvern

Skill      XL: |  1  2  3  4  5  6  7  8 |
---------------+-------------------------+-----
Ice Magic      | 4 5 6 7 8 |  8.0
Spellcasting   | 4 5 |  5.9
Conjurations   | 2 3 |  3.1
Summonings     | 2 |  2.2
Fighting       | 2 4 |  4.0
Charms         | 4 |  4.2
Dodging        | 4 |  4.5
Stealth        | |  2.4

Action                   |  1- 3 |  4- 6 |  7- 9 || total
-------------------------+-------+-------+-------++-------
Melee: Short sword       |    12 |    22 |    55 ||    89
       Headbutt          |       |       |    13 ||    13
Throw: Stone             |       |     1 |       ||     1
 Cast: Freeze            |    34 |    56 |    40 ||   130
       Throw Frost       |    10 |    60 |    53 ||   123
       Ozocubu's Armour  |       |     3 |       ||     3
       Throw Icicle      |       |     4 |    62 ||    66
       Summon Ice Beast  |       |       |     2 ||     2
  Use: Scroll            |       |       |     7 ||     7
 Stab: Sleeping          |     2 |     2 |       ||     4
  Eat: Chunk             |     2 |    14 |    10 ||    26
       Meat ration       |       |       |     2 ||     2
       Royal jelly       |       |       |     1 ||     1
Armor: Leather armour    |     5 |    25 |    24 ||    54
Dodge: Dodged            |    25 |    45 |    66 ||   136
